AoeStats
← Theekopje

Scandinavia

510716885Analyzed
1v1 RM · 23h ago on Oct 2, 2026· 31m 4s· 2 players
Game mode
Random Map
Map size
Tiny (2 player)
Population
200
Speed
Normal
Resources
Standard
Victory
Conquest
Starting age
Dark Age
Ending age
Imperial Age
RankedLock teamsTeams togetherTeam positionsShared explorationLock speedFull tech treeHidden civsTurbo modeCheats
Victory
Defeat
🇧🇪 Khmer · Belgium
747
+16
🇨🇳 Chinese · China
737
-16
猫神TRACK
11:52 Feudal Age
15:33 Castle Age
20:43 Loom
Theekopje
5:25 Loom
12:39 Feudal Age
13:33 Double-Bit Axe
13:33 Horse Collar
14:10 Fishing Lines
15:36 Wheelbarrow
15:30 Man-at-Arms
18:03 Bloodlines
18:09 Arson
19:04 Forging
18:55 Scale Mail Armor
24:09 Castle Age
25:27 Iron Casting
25:08 Chain Mail Armor
25:00 Scale Barding Armor
25:27 Long Swordsman
28:35 Hand Cart
28:33 Husbandry
30:15 Tusk Swords
Connection lost

Rejoining the realm…

Still unreachable

The connection could not be restored.

Session expired

The server has moved on; the page needs a fresh start.